 Dungeon Crawl Stone Soup version 0.31-a0-18-gea43df2a32 (webtiles) character file.

Game seed: 2564251140067254845

17 Dittersdorf the Trooper (level 2, -2/19 HPs)
             Began as a Gargoyle Fighter on May 10, 2023.
             Frozen to death by an endoplasm (5 damage)
             ... on level 2 of the Dungeon.
             The game lasted 00:01:42 (409 turns).

Dittersdorf the Trooper (Gargoyle Fighter)           Turns: 409, Time: 00:01:43

Health: -2/19      AC: 12    Str: 25    XL:     2   Next: 62%
Magic:  2/2        EV:  5    Int: 14    God:
Gold:   21         SH:  4    Dex:  9    Spells: 1/1 levels left

rFire   . . .        a - +0 flail
rCold   . . .        c - +0 buckler
rNeg    + . .        f - +0 chain mail
rPois   ∞            (no helmet)
rElec   +            (no cloak)
rCorr   .            (no gloves)
SInv    .            (no boots)
Will    .....        (no amulet) Stlth
                     b - +6 ring of intelligence
HPRegen 0.23/turn    g - +6 ring of strength
MPRegen 0.08/turn

%: no passive effects
@: constricted
A: sickness immunity, AC +2, negative energy resistance 1, electricity
resistance, torment resistance 1, petrification resistance
a: no special abilities


You were on level 2 of the Dungeon.
You visited 1 branch of the dungeon, and saw 2 of its levels.

You collected 21 gold pieces.

Inventory:

Hand Weapons
 a - a +0 flail (weapon)
Armour
 c - a +0 buckler (worn)
 f - a +0 chain mail (worn)
Jewellery
 b - a +6 ring of intelligence (left hand)
 g - a +6 ring of strength (right hand)
Scrolls
 e - 2 scrolls of teleportation {unknown}
Potions
 d - a potion of might
 h - a potion of ambrosia {unknown}
 i - a potion of lignification {unknown}


   Skills:
 + Level 3.5 Fighting
 + Level 2.3 Maces & Flails
 + Level 3.5 Armour
 + Level 3.5 Shields


You had one spell level left.
You didn't know any spells.
Your spell library was empty.

Dungeon Overview and Level Annotations

Branches:
Dungeon (2/15)

Altars:

Shops:
D:1 *


Innate Abilities, Weirdness & Mutations

You are immune to sickness and miasma.
Your stone body is resilient. (AC +2)
You are immune to poison.
You resist negative energy. (rN+)
You are resistant to electric shocks. (rElec)
You are resistant to unholy torment.
You are immune to petrification.


Message History

You are too injured to fight recklessly!
You are too injured to fight recklessly!
You are too injured to fight recklessly!
You are too injured to fight recklessly!
You are too injured to fight recklessly!
You are too injured to fight recklessly!
You are too injured to fight recklessly!
You barely miss the goblin.
The quokka bites you but does no damage.
The goblin hits you but does no damage.
An endoplasm comes into view.
The quokka barely misses you.
The ball python bites you but does no damage.
The ball python constricts you. The goblin hits you but does no damage.
You hit the goblin but do no damage. The quokka bites you.
You block the ball python's attack. The ball python constricts you.
The goblin hits you but does no damage.
The quokka bites you but does no damage.
The ball python bites you.
* * * LOW HITPOINT WARNING * * *
The ball python constricts you.
You barely miss the quokka. The quokka closely misses you.
The goblin closely misses you. The ball python bites you.
* * * LOW HITPOINT WARNING * * *
The ball python constricts you.
You closely miss the quokka.
The quokka bites you but does no damage.
The ball python bites you but does no damage.
The ball python constricts you.
* * * LOW HITPOINT WARNING * * *
The goblin barely misses you. The quokka barely misses you.
The ball python bites you but does no damage.
The ball python constricts you.
You barely miss the quokka. You block the goblin's attack.
The quokka barely misses you.
The ball python bites you but does no damage.
The ball python constricts you. The goblin barely misses you.
The endoplasm freezes you.
You are frozen.
You die...

...# #....>..# ....#
##.......### ....#
..........# ....#
.......#.####...#
#..#..#...<#...
#..##$....##.#
#..J#r.......########
#.)@g.$.....†.......
......S########...######
....... ###...# .......
###.#### ....... #.....
..[.... #####.....
....... #.........
####... #.........
#......###


You could see an endoplasm, a quokka, a goblin and a ball python.

Vanquished Creatures
  A bat (D:2)
  A giant cockroach (D:1)
  3 goblins
  A quokka (D:1)
  6 ball pythons
  3 kobolds
  2 rats (D:2)
17 creatures vanquished.

Notes
Turn   | Place    | Note
-------+----------+-------------------------------------------
     0 | D:1      | Dittersdorf the Gargoyle Fighter began the quest for the
                  | Orb.
     0 | D:1      | Reached XP level 1. HP: 14/14 MP: 1/1
   175 | D:1      | Found Tiyr's General Store.
   264 | D:1      | You fall into a shaft and drop 1 floor!
   288 | D:2      | Reached XP level 2. HP: 11/19 MP: 2/2
   409 | D:2      | Frozen to death by an endoplasm

Illustrated notes

Levels and vault maps discovered:
D:1:      matt_arrival_spirals, layout_rooms, serial_shops, shop,
          minmay_misc_feat_encased
D:2:      layout_basic

Action                     || total
---------------------------++-------
  Melee: Flail             ||    68
 Armour: Scale mail        ||    15
         Chain mail        ||    48
  Dodge: Dodged            ||    43
  Block: Buckler           ||    20

Table legend: (Time is in decaauts)
 A = Elapsed time spent in this place.
 B = Non-inter-level travel time spent in this place.
 C = Inter-level travel time spent in this place.
 D = Time resting spent in this place.
 E = Time spent auto-exploring this place.
 F = Levels seen in this place.
 G = Mean time per level.
                   A        B        C        D        E       F      G
               +--------+--------+--------+--------+--------+-----+--------+
         Total |    430 |    430 |      0 |     14 |    262 |   2 |  215.0 |
       Dungeon |    430 |    430 |      0 |     14 |    262 |   2 |  215.0 |
               +--------+--------+--------+--------+--------+-----+--------+

Top non-repeatable levels by time:
     D:1: 273 daAuts
     D:2: 156 daAuts
